Map: Blood Boil LE

Players

Zanster - Winner!

  • Race: Zerg Zerg
  • Spawn Location: 5:00

DupliciD

  • Race: Zerg Zerg
  • League: Diamond
  • Spawn Location: 11:00

VOD

Have the link to the VOD?

Description

Time

  • Played on: May 19, 2017, 5:18 p.m.
  • Length: 4:40
Show
View Real Time Build Order
Export as new Build Order

Zanster Zerg - Winner!

Build Orders: Pool First 

Get SALT Encoding   

  12  0:00  Unknown  
  12  0:01  Drone  
  13  0:12  Overlord  
  13  0:17  Drone  
  14  0:31  Drone x2  
  14  0:35  Drone  
  17  0:44  Extractor  
  17  0:46  Drone  
  17  0:51  Spawning Pool  
  17  0:57  Drone  
  17  1:07  Drone  
  18  1:22  Hatchery  
  18  1:25  Drone  
  18  1:29  Drone  
  19  1:40  Queen  
  19  1:45  Zergling x2  
  22  1:49  Metabolic Boost  
  22  1:57  Overlord  
  22  2:17  Queen  
  24  2:26  Zergling x6  
  27  2:40  Zergling x4  
  29  2:44  Roach Warren  
  29  2:48  Zergling x4  
  30  2:54  Zergling x2  
  31  3:01  Overlord  
  31  3:05  Drone  
  32  3:10  Overlord  
  31  3:27  Roach  
  31  3:28  Roach x3  
  38  3:36  Roach  
  38  3:37  Roach  
  41  3:42  Roach  
  41  3:43  Roach  
  45  3:52  Roach x2  
  48  3:59  Overlord  
  48  4:02  Zergling x4  
  49  4:09  Zergling x6  
  48  4:11  Ravager  
  48  4:14  Ravager  
  50  4:21  Zergling x4  
Show
View Real Time Build Order
Export as new Build Order

DupliciD Zerg 

Build Orders: Hatch First 

Get SALT Encoding   

  12  0:00  Unknown  
  12  0:01  Drone  
  13  0:14  Overlord  
  13  0:18  Drone  
  14  0:33  Drone x2  
  16  0:41  Drone  
  17  0:54  Hatchery  
  16  1:07  Drone x2  
  18  1:20  Spawning Pool  
  18  1:23  Extractor  
  16  1:27  Drone  
  16  1:28  Drone  
  18  1:34  Drone  
  19  1:47  Overlord  
  19  2:10  Zergling x6  
  19  2:12  Queen x2  
  19  2:14  Zergling x2  
  27  2:18  Drone  
  28  2:24  Drone  
  29  2:33  Metabolic Boost  
  29  2:35  Drone x2  
  31  2:39  Drone  
  32  2:52  Baneling Nest  
  32  2:58  Zergling x6  
  32  3:17  Zergling x6  
  32  3:18  Zergling x2  
  34  3:22  Zergling x2  
  34  3:29  Zergling x8  
  33  3:37  Baneling x2  
  33  3:39  Zergling x8  
  35  3:42  Baneling  
  35  3:43  Baneling x3  
  27  4:13  Zergling x8  
  27  4:14  Zergling x8  
Tags
 
League
Diamond
Matchup
ZvZ
Player
Zanster
Race
Zerg
Spawn Locations
Cross Positions
Add a new tag
Caveats
  • Supply blocks, unpowered buildings, or Contaminate may cause inaccurate times.
  • Supply counts are checked every 10 seconds.